A
READING RAILERS @ EVANSVILLE HIT KINGS
09/22/2059
 
TOP OF THE 1ST
Reading Railers batting - Pitching for Evansville Hit Kings : RHP Colton Murphy
Pitching: RHP Colton Murphy
Batting: LHB Ronnie Jensen 0-0: Ball
1-0: Ball
2-0: Fly out, F8 (Flyball, 78D, EV 100.6 MPH)
Batting: RHB Dominick Munn 0-0: Called Strike
0-1: Called Strike
0-2: SINGLE (Flyball, 9LS, EV 92.5 MPH)
Batting: LHB Nick Rankin 0-0: Called Strike
0-1: Ball
1-1: Ball
2-1: Grounds into double play, 1-4-3 (Groundball, 25, EV 70.0 MPH)
Top of the 1st over - 0 runs, 1 hit, 0 errors, 0 left on base; Reading 0 - Evansville 0
BOTTOM OF THE 1ST
Evansville Hit Kings batting - Pitching for Reading Railers : RHP Kris Pate
Pitching: RHP Kris Pate
Batting: LHB Hunter Gehringer 0-0: Ball
1-0: Ball
2-0: Called Strike
2-1: Foul Ball, location: 2F
2-2: Strikes out looking
Batting: RHB Marlon Anderson 0-0: Swinging Strike
0-1: Called Strike
0-2: Ball
1-2: Strikes out looking
Batting: RHB Shayne Hall 0-0: Ball
1-0: Foul Ball, location: 2F
1-1: Swinging Strike
1-2: Strikes out swinging
Bottom of the 1st over - 0 runs, 0 hits, 0 errors, 0 left on base; Reading 0 - Evansville 0
TOP OF THE 2ND
Reading Railers batting - Pitching for Evansville Hit Kings : RHP Colton Murphy
Batting: LHB Shawn Shope 0-0: Ball
1-0: Ball
2-0: Foul Ball, location: 2F
2-1: Swinging Strike
2-2: Strikes out looking
Batting: SHB Zeke Johnson 0-0: Swinging Strike
0-1: Called Strike
0-2: Strikes out swinging
Batting: RHB Nyles Quinones 0-0: Fly out, F2 (Popup, 13S, EV 80.0 MPH)
Top of the 2nd over - 0 runs, 0 hits, 0 errors, 0 left on base; Reading 0 - Evansville 0
BOTTOM OF THE 2ND
Evansville Hit Kings batting - Pitching for Reading Railers : RHP Kris Pate
Batting: LHB Andy O'Bryan 0-0: Fly out, F7 (Flyball, 7D, EV 88.8 MPH)
Batting: RHB Chandler Frazee 0-0: Ball
1-0: Foul Ball, location: 2F
1-1: Ball
2-1: Ball
3-1: Called Strike
3-2: Strikes out swinging
Batting: RHB Seth Durand 0-0: Ball
1-0: Fly out, F8 (Flyball, 8LS, EV 79.4 MPH)
Bottom of the 2nd over - 0 runs, 0 hits, 0 errors, 0 left on base; Reading 0 - Evansville 0
TOP OF THE 3RD
Reading Railers batting - Pitching for Evansville Hit Kings : RHP Colton Murphy
Batting: RHB Riley Callaghan 0-0: Ball
1-0: Called Strike
1-1: Foul Ball, location: 2F
1-2: Fly out, F6 (Line Drive, 6, EV 69.4 MPH)
Batting: RHB Sebastian Robinson 0-0: Ball
1-0: Foul Ball, location: 2F
1-1: TRIPLE (Flyball, 8RXD, EV 103.8 MPH)
Batting: RHB Levi Jewell 0-0: Foul Ball, location: 2F
0-1: Ball
1-1: Ball
2-1: Ball
3-1: Base on Balls
Batting: LHB Ronnie Jensen 0-0: Ball
Levi Jewell steals 2nd base
1-0: Ball
Wild Pitch!
Sebastian Robinson scores
Levi Jewell to third
2-0: Foul Ball, location: 2F
2-1: Ball
3-1: Swinging Strike
3-2: Fly out, F7 (Flyball, 78M, EV 91.2 MPH)
Runner from 3rd tags up, SCORES, throw by LF
Batting: RHB Dominick Munn 0-0: DOUBLE (Groundball, 5L, EV 95.6 MPH)
Batting: LHB Nick Rankin 0-0: Ball
1-0: Called Strike
1-1: SINGLE (Line Drive, 8LS, EV 111.2 MPH)
Dominick Munn to third
Runner from 3rd tries for Home, SAFE, throw by CF to home
Batting: LHB Shawn Shope 0-0: Swinging Strike
0-1: Foul Ball, location: 2F
0-2: Ball
Nick Rankin is caught stealing 2nd base 2-6
Top of the 3rd over - 3 runs, 3 hits, 0 errors, 0 left on base; Reading 3 - Evansville 0
BOTTOM OF THE 3RD
Evansville Hit Kings batting - Pitching for Reading Railers : RHP Kris Pate
Batting: SHB Sharrod Lewis 0-0: Foul Ball, location: 2F
0-1: Ball
1-1: Ball
2-1: Ball
3-1: Base on Balls
Batting: RHB Blayne Gillett 0-0: Foul Ball, location: 2F
0-1: Ball
1-1: Swinging Strike
1-2: Ball
2-2: Ball
3-2: Base on Balls
Sharrod Lewis to second
Batting: RHB Brenden Baxter 0-0: Foul Ball, location: 2F
0-1: Ball
1-1: Ball
2-1: Ground out 3-1 (Groundball, 34S, EV 87.5 MPH)
Sharrod Lewis to third
Blayne Gillett to second
Batting: LHB Hunter Gehringer 0-0: Ball
1-0: DOUBLE (Line Drive, 78XD, EV 109.4 MPH)
Sharrod Lewis scores
Blayne Gillett scores
Batting: RHB Marlon Anderson 0-0: Foul Ball, location: 2F
0-1: Swinging Strike
0-2: Foul Ball, location: 2F
0-2: Ball
1-2: Ball
2-2: Foul Ball, location: 2F
2-2: SINGLE (Line Drive, 34D, EV 95.0 MPH)
Hunter Gehringer to third
Runner from 3rd tries for Home, throw by RF and OUT! 9-2
Batting: RHB Shayne Hall 0-0: SINGLE (Line Drive, 3D, EV 96.9 MPH)
Marlon Anderson to second
Runner from 2nd tries for 3rd, SAFE, no throw by RF
Batting: LHB Andy O'Bryan 0-0: Called Strike
0-1: Ball
1-1: Fielders Choice at 2nd, 6-4 (Groundball, 6, EV 100.6 MPH)
Bottom of the 3rd over - 2 runs, 3 hits, 0 errors, 2 left on base; Reading 3 - Evansville 2
TOP OF THE 4TH
Reading Railers batting - Pitching for Evansville Hit Kings : RHP Colton Murphy
Batting: LHB Shawn Shope 0-0: Called Strike
0-1: Fly out, F8 (Flyball, 89D, EV 89.4 MPH)
Batting: SHB Zeke Johnson 0-0: Ball
1-0: Fly out, F9 (Flyball, 9S, EV 88.1 MPH)
Batting: RHB Nyles Quinones 0-0: Called Strike
0-1: Swinging Strike
0-2: Ball
1-2: SINGLE (Groundball, 3D, EV 94.4 MPH)
Batting: RHB Riley Callaghan 0-0: Foul Ball, location: 2F
0-1: SINGLE (Flyball, 7LS, EV 89.4 MPH)
Nyles Quinones to second
Batting: RHB Sebastian Robinson 0-0: Ball
1-0: Ball
2-0: Ball
3-0: Called Strike
3-1: SINGLE (Groundball, 6D, EV 99.4 MPH)
Nyles Quinones to third
Riley Callaghan to second
Runner from 3rd tries for Home, throw by CF and OUT! 8-2
Top of the 4th over - 0 runs, 3 hits, 0 errors, 2 left on base; Reading 3 - Evansville 2
BOTTOM OF THE 4TH
Evansville Hit Kings batting - Pitching for Reading Railers : RHP Kris Pate
Batting: RHB Chandler Frazee 0-0: Ball
1-0: Ball
2-0: Called Strike
2-1: Ground out 6-3 (Groundball, 6, EV 89.4 MPH)
Batting: RHB Seth Durand 0-0: Foul Ball, location: 2F
0-1: Ball
1-1: Ball
2-1: Foul Ball, location: 2F
2-2: Ground out 6-3 (Groundball, 56, EV 89.4 MPH)
Batting: SHB Sharrod Lewis 0-0: Called Strike
0-1: Ball
1-1: Ball
2-1: Foul Ball, location: 2F
2-2: Strikes out swinging
Bottom of the 4th over - 0 runs, 0 hits, 0 errors, 0 left on base; Reading 3 - Evansville 2
TOP OF THE 5TH
Reading Railers batting - Pitching for Evansville Hit Kings : RHP Colton Murphy
Batting: RHB Levi Jewell 0-0: Called Strike
0-1: Ball
1-1: Called Strike
1-2: Strikes out looking
Batting: LHB Ronnie Jensen 0-0: Foul Ball, location: 2F
0-1: Ball
1-1: Foul Ball, location: 2F
1-2: Ball
2-2: Strikes out swinging
Batting: RHB Dominick Munn 0-0: Called Strike
0-1: Swinging Strike
0-2: Strikes out looking
Top of the 5th over - 0 runs, 0 hits, 0 errors, 0 left on base; Reading 3 - Evansville 2
BOTTOM OF THE 5TH
Evansville Hit Kings batting - Pitching for Reading Railers : RHP Kris Pate
Batting: RHB Blayne Gillett 0-0: Ball
1-0: Foul Ball, location: 2F
1-1: Ball
2-1: SINGLE (Groundball, 6MD, EV 103.8 MPH)
Batting: RHB Brenden Baxter 0-0: Ball
1-0: Sac Bunt to 15S - play at second, runner OUT! 1-6
Batting: LHB Hunter Gehringer 0-0: Called Strike
0-1: Called Strike
0-2: Ball
1-2: Ball
2-2: Fly out, F8 (Line Drive, 78D, EV 93.1 MPH)
Batting: RHB Marlon Anderson 0-0: Called Strike
Brenden Baxter steals 2nd base
0-1: Ball
1-1: Called Strike
1-2: Ball
2-2: Ball
3-2: Strikes out looking
Bottom of the 5th over - 0 runs, 1 hit, 0 errors, 1 left on base; Reading 3 - Evansville 2
TOP OF THE 6TH
Reading Railers batting - Pitching for Evansville Hit Kings : RHP Colton Murphy
Batting: LHB Nick Rankin 0-0: Ball
1-0: Foul Ball, location: 2F
1-1: Ball
2-1: Ball
3-1: Called Strike
3-2: Ground out 4-3 (Groundball, 4, EV 84.4 MPH)
Batting: LHB Shawn Shope 0-0: Ball
1-0: Called Strike
1-1: Called Strike
1-2: Fly out, F9 (Flyball, 9D, EV 88.1 MPH)
Batting: SHB Zeke Johnson 0-0: Ball
1-0: Ground out 6-3 (Groundball, 6MD, EV 105.0 MPH)
Top of the 6th over - 0 runs, 0 hits, 0 errors, 0 left on base; Reading 3 - Evansville 2
BOTTOM OF THE 6TH
Evansville Hit Kings batting - Pitching for Reading Railers : RHP Kris Pate
Pitching: RHP Lucas Eichler
Batting: RHB Shayne Hall 0-0: Called Strike
0-1: Ball
1-1: Ball
2-1: Foul Ball, location: 2F
2-2: Foul Ball, location: 2F
2-2: Ground out 5-3 (Groundball, 56S, EV 69.4 MPH)
Batting: LHB Andy O'Bryan 0-0: Called Strike
0-1: SINGLE (Line Drive, 6D, EV 101.9 MPH)
Batting: RHB Chandler Frazee 0-0: Ball
1-0: Fly out, F8 (Flyball, 8RD, EV 97.5 MPH)
Batting: RHB Seth Durand 0-0: Ball
1-0: Foul Ball, location: 2F
1-1: Foul Ball, location: 2F
1-2: Fielders Choice at 2nd, 5-4 (Groundball, 56, EV 83.8 MPH)
Bottom of the 6th over - 0 runs, 1 hit, 0 errors, 1 left on base; Reading 3 - Evansville 2
TOP OF THE 7TH
Reading Railers batting - Pitching for Evansville Hit Kings : RHP Colton Murphy
Batting: RHB Nyles Quinones 0-0: Fly out, F7 (Line Drive, 7LM, EV 91.2 MPH)
Batting: RHB Riley Callaghan 0-0: Foul Ball, location: 2F
0-1: Called Strike
0-2: SINGLE (Line Drive, 9S, EV 105.6 MPH)
Batting: RHB Sebastian Robinson 0-0: Ground out 5-3 (Groundball, 25, EV 90.6 MPH)
Riley Callaghan to second
Batting: RHB Levi Jewell 0-0: Called Strike
0-1: Ball
1-1: SINGLE (Groundball, 6MD, EV 95.6 MPH)
Riley Callaghan to third
Runner from 3rd tries for Home, SAFE, throw by CF to home
Levi Jewell to second
Pitching: LHP Drew Stacy
Batting: LHB Ronnie Jensen 0-0: Called Strike
0-1: Called Strike
0-2: Strikes out swinging
Top of the 7th over - 1 run, 2 hits, 0 errors, 1 left on base; Reading 4 - Evansville 2
BOTTOM OF THE 7TH
Evansville Hit Kings batting - Pitching for Reading Railers : RHP Lucas Eichler
Batting: SHB Sharrod Lewis 0-0: Fly out, F7 (Line Drive, 7LM, EV 94.4 MPH)
Batting: RHB Blayne Gillett 0-0: Ball
1-0: Called Strike
1-1: SINGLE (Line Drive, 78M, EV 98.1 MPH)
Batting: RHB Brenden Baxter 0-0: Ball
1-0: Ball
2-0: Swinging Strike
2-1: Ball
3-1: Foul Ball, location: 2F
3-2: Foul Ball, location: 2F
3-2: Strikes out swinging
Batting: LHB Hunter Gehringer 0-0: Foul Ball, location: 2F
0-1: Ball
1-1: Foul Ball, location: 2F
1-2: Foul Ball, location: 2F
1-2: Strikes out swinging
Bottom of the 7th over - 0 runs, 1 hit, 0 errors, 1 left on base; Reading 4 - Evansville 2
TOP OF THE 8TH
Reading Railers batting - Pitching for Evansville Hit Kings : LHP Drew Stacy
Pitching: RHP Drew Hunt
Batting: RHB Dominick Munn 0-0: Ball
1-0: Swinging Strike
1-1: Called Strike
1-2: Ball
2-2: Foul Ball, location: 2F
2-2: Foul Ball, location: 2F
2-2: Foul Ball, location: 2F
2-2: Ball
3-2: Strikes out looking
Batting: LHB Nick Rankin 0-0: Ball
1-0: Swinging Strike
1-1: Called Strike
1-2: Foul Ball, location: 2F
1-2: Strikes out swinging
Batting: LHB Shawn Shope 0-0: Foul Ball, location: 2F
0-1: Ball
1-1: Swinging Strike
1-2: SINGLE (Groundball, 34D, EV 98.8 MPH)
Batting: SHB Zeke Johnson 0-0: Ball
1-0: Ball
2-0: Called Strike
2-1: Called Strike
2-2: Strikes out swinging
Top of the 8th over - 0 runs, 1 hit, 0 errors, 1 left on base; Reading 4 - Evansville 2
BOTTOM OF THE 8TH
Evansville Hit Kings batting - Pitching for Reading Railers : RHP Lucas Eichler
Batting: RHB Marlon Anderson 0-0: Ball
1-0: Foul Ball, location: 2F
1-1: Fly out, F3 (Popup, 3F, EV 65.0 MPH)
Batting: RHB Shayne Hall 0-0: Ball
1-0: Ball
2-0: Swinging Strike
2-1: Ball
3-1: Fly out, F9 (Line Drive, 89M, EV 100.6 MPH)
Batting: LHB Andy O'Bryan 0-0: Foul Ball, location: 2F
0-1: Ball
1-1: Ball
2-1: Foul Ball, location: 2F
2-2: Ball
3-2: Ground out 5-3 (Groundball, 5S, EV 84.4 MPH)
Bottom of the 8th over - 0 runs, 0 hits, 0 errors, 0 left on base; Reading 4 - Evansville 2
TOP OF THE 9TH
Reading Railers batting - Pitching for Evansville Hit Kings : RHP Drew Hunt
Pitching: RHP Johnathan Jones
Batting: RHB Nyles Quinones 0-0: Ball
1-0: Ball
2-0: SINGLE (Line Drive, 34D, EV 101.9 MPH)
Batting: RHB Riley Callaghan 0-0: Foul Ball, location: 2F
0-1: Swinging Strike
0-2: Fly out, F8 (Flyball, 8LD, EV 86.9 MPH)
Batting: RHB Sebastian Robinson 0-0: Ball
1-0: Ball
2-0: Called Strike
2-1: Ball
3-1: Foul Ball, location: 2F
3-2: Foul Ball, location: 2F
3-2: Fly out, F9 (Line Drive, 89S, EV 107.5 MPH)
Batting: RHB Levi Jewell 0-0: Ball
1-0: Fly out, F9 (Flyball, 89M, EV 76.2 MPH)
Top of the 9th over - 0 runs, 1 hit, 0 errors, 1 left on base; Reading 4 - Evansville 2
BOTTOM OF THE 9TH
Evansville Hit Kings batting - Pitching for Reading Railers : RHP Lucas Eichler
Pitching: RHP Johnny Youngstrom
Now in LF: Ronnie Jensen
Now in RF: Carter Hayes
Batting: RHB Chandler Frazee 0-0: Ball
1-0: Ball
2-0: Ball
3-0: Called Strike
3-1: SOLO HOME RUN (Flyball, 78XD, EV 98.8 MPH), Distance : 373 ft
Batting: RHB Seth Durand 0-0: Ball
1-0: Swinging Strike
1-1: Swinging Strike
1-2: Foul Ball, location: 2F
1-2: Ground out 6-3 (Groundball, 6, EV 106.2 MPH)
Batting: SHB Sharrod Lewis 0-0: Ball
1-0: Ball
2-0: Called Strike
2-1: Foul Ball, location: 2F
2-2: Ball
3-2: Strikes out swinging
Batting: RHB Blayne Gillett 0-0: Ball
1-0: SINGLE (Groundball, 34D, EV 105.0 MPH)
Pinch Hitting: RHB Logan Mankowski 0-0: Ball
Wild Pitch!
Blayne Gillett to second
1-0: Fly out, F9 (Flyball, 9S, EV 95.6 MPH)
Bottom of the 9th over - 1 run, 2 hits, 0 errors, 1 left on base; Reading 4 - Evansville 3
Thursday, April 4th , 2024 - OOTP Baseball 23.10 Build 110